Map: Orbital Shipyard

Players

Mamba

  • Race: Zerg Zerg
  • League: Master

Miszu - Winner!

  • Race: Terran Terran
  • League: Master

VOD

Have the link to the VOD?

Description

Time

  • Played on: Feb. 2, 2016, 5:22 p.m.
  • Length: 10:06
Show
View Real Time Build Order
Export as new Build Order

Mamba Zerg 

Build Orders: Pool First, Muta Ling Bane 

Get SALT Encoding   

  12  0:01  Drone  
  13  0:13  Overlord  
  13  0:17  Drone  
  14  0:31  Drone x2  
  14  0:35  Drone  
  17  0:44  Spawning Pool  
  17  0:47  Drone  
  17  0:50  Extractor  
  17  0:56  Drone  
  17  1:08  Drone  
  18  1:17  Hatchery  
  17  1:21  Drone  
  18  1:31  Queen  
  20  1:36  Drone  
  21  1:46  Overlord  
  21  1:54  Metabolic Boost  
  21  1:57  Zergling x2  
  22  2:05  Drone  
  22  2:07  Queen  
  25  2:11  Drone  
  26  2:22  Drone  
  27  2:29  Queen  
  27  2:31  Drone  
  27  2:35  Overlord  
  30  2:39  Drone x2  
  30  2:41  Drone  
  33  2:49  Drone x2  
  35  2:52  Drone  
  35  2:56  Lair  
  36  3:02  Overlord  
  36  3:04  Drone  
  37  3:08  Zergling x2  
  37  3:12  Zergling x6  
  39  3:16  Zergling x2  
  39  3:17  Zergling x2  
  41  3:20  Zergling x2  
  41  3:22  Drone  
  41  3:25  Zergling x2  
  44  3:27  Drone  
  44  3:31  Drone  
  46  3:35  Drone  
  46  3:37  Extractor  
  46  3:39  Extractor  
  45  3:43  Drone  
  45  3:47  Drone  
  46  3:49  Drone x3  
  46  3:55  Drone x3  
  51  3:59  Extractor  
  51  4:00  Drone  
  51  4:06  Overlord  
  51  4:12  Spire  
  51  4:13  Drone  
  51  4:17  Overlord  
  51  4:20  Overlord  
  51  4:22  Overlord  
  51  4:34  Hatchery  
  51  4:35  Drone  
  52  4:38  Drone  
  52  4:40  Drone  
  52  4:43  Drone  
  52  4:45  Drone  
  54  4:48  Drone  
  54  4:49  Drone  
  56  4:53  Drone x2  
  56  4:54  Drone  
  56  4:56  Drone  
  60  5:04  Drone  
  60  5:05  Overlord  
  61  5:12  Baneling Nest  
  60  5:25  Mutalisk x2  
  60  5:26  Mutalisk x4  
  60  5:27  Mutalisk  
  74  5:34  Drone x3  
  74  5:35  Drone  
  78  5:39  Zerg Flyer Weapons Level 1  
  78  5:40  Drone  
  79  5:46  Drone x2  
  81  5:52  Drone x2  
  83  5:57  Centrifical Hooks  
  83  5:58  Drone x2  
  83  6:00  Extractor  
  83  6:02  Extractor  
  83  6:03  Drone  
  83  6:10  Drone x7  
  90  6:13  Evolution Chamber  
  90  6:16  Drone x2  
  90  6:17  Overlord  
  91  6:18  Evolution Chamber  
  91  6:20  Mutalisk  
  92  6:31  Drone x3  
  93  6:35  Overlord x2  
  93  6:42  Mutalisk x3  
  93  6:43  Mutalisk x2  
  103  6:51  Baneling x4  
  103  6:56  Zergling x8  
  103  6:58  Zerg Melee Weapons Level 1  
  107  7:03  Hatchery  
  107  7:04  Zerg Ground Armor Level 1  
  107  7:06  Zergling x10  
  109  7:09  Queen  
  109  7:13  Mutalisk  
  113  7:21  Infestation Pit  
  112  7:23  Zergling x14  
  112  7:26  Baneling  
  112  7:27  Overlord, Baneling x5  
  112  7:29  Overseer  
  119  7:32  Overlord  
  119  7:34  Overlord x2  
  119  7:44  Drone x2  
  121  7:47  Drone  
  121  7:48  Drone x6  
  128  7:52  Zerg Flyer Armor Level 1  
  128  7:53  Drone x2  
  130  8:04  Mutalisk  
  130  8:05  Mutalisk x2  
  136  8:06  Zergling x2  
  136  8:07  Extractor  
  136  8:08  Baneling x6  
  136  8:22  Hive  
  136  8:23  Zergling x14  
  136  8:24  Zergling x2  
  136  8:25  Hatchery  
  143  8:27  Baneling x6  
  143  8:29  Drone  
  143  8:30  Drone  
  145  8:35  Extractor  
  144  8:52  Zergling x4  
  144  8:53  Zergling x26  
  159  8:56  Overlord  
  159  8:58  Overlord  
  159  9:03  Drone  
  159  9:04  Overlord  
  159  9:06  Baneling x7  
  160  9:15  Zergling x10  
  165  9:19  Baneling x10  
  165  9:20  Baneling x8  
  163  9:28  Zergling x12  
  163  9:35  Zergling x18  
  128  9:42  Zergling x4  
  128  9:44  Baneling x5  
  115  9:45  Baneling x3  
  115  9:46  Zergling x8  
Show
View Real Time Build Order
Export as new Build Order

Miszu Terran - Winner!

Build Orders: Reaper Expand, MMM Bio 

Get SALT Encoding   

  12  0:00  SCV  
  13  0:12  SCV  
  14  0:18  Supply Depot  
  14  0:25  SCV  
  15  0:39  SCV  
  15  0:40  Barracks  
  16  0:43  Refinery  
  16  0:52  SCV  
  17  1:04  SCV  
  18  1:27  Orbital Command  
  18  1:28  Barracks Reactor  
  18  1:37  Command Center  
  18  1:46  Supply Depot  
  18  1:53  SCV  
  19  2:05  Reaper x2, SCV  
  22  2:18  SCV  
  23  2:28  Command Center  
  23  2:30  SCV  
  25  2:41  Reaper x2  
  25  2:42  SCV  
  27  2:48  Refinery  
  27  2:53  Orbital Command  
  27  2:54  SCV  
  28  3:14  Reaper  
  28  3:15  Reaper  
  28  3:18  SCV  
  28  3:19  SCV  
  32  3:24  Barracks  
  32  3:25  Barracks  
  32  3:30  SCV  
  33  3:36  SCV  
  34  3:41  Orbital Command  
  34  3:42  SCV  
  33  3:51  Marine x2  
  33  3:52  SCV  
  36  3:57  Factory, SCV  
  36  4:01  Engineering Bay x2  
  37  4:04  SCV  
  37  4:08  SCV  
  37  4:09  Marine x2, SCV  
  42  4:12  Barracks Tech Lab  
  42  4:14  Barracks Tech Lab  
  42  4:17  SCV  
  43  4:21  Supply Depot  
  43  4:22  SCV  
  44  4:24  SCV  
  44  4:27  Marine x2  
  44  4:29  SCV  
  48  4:31  Terran Infantry Weapons Level 1, Terran Infantry Armor Level 1  
  48  4:36  Refinery  
  48  4:37  Refinery, SCV  
  48  4:38  SCV  
  50  4:41  SCV  
  50  4:44  Stimpack  
  51  4:49  SCV  
  51  4:50  Supply Depot  
  51  4:51  Marine x2  
  51  4:52  SCV  
  55  4:54  SCV  
  56  5:01  Starport, SCV  
  56  5:05  Factory Reactor  
  56  5:06  SCV, Orbital Command  
  59  5:10  Missile Turret  
  59  5:11  Missile Turret  
  59  5:13  Marine, SCV  
  60  5:14  Marine x3  
  60  5:19  SCV  
  64  5:21  Supply Depot  
  64  5:25  SCV  
  65  5:30  Armory  
  65  5:31  Marine, SCV  
  65  5:32  Marine, SCV  
  69  5:38  SCV  
  69  5:41  Marine  
  71  5:43  SCV  
  71  5:44  SCV  
  71  5:47  Supply Depot  
  71  5:48  Factory Tech Lab  
  73  5:50  SCV  
  73  5:52  Missile Turret  
  73  5:53  Marine  
  73  5:54  Marine  
  73  5:55  SCV  
  73  5:56  SCV, Combat Shields  
  78  6:00  Medivac  
  78  6:01  Medivac  
  78  6:02  SCV  
  83  6:07  SCV  
  83  6:08  SCV  
  83  6:10  Marine  
  86  6:18  SCV  
  90  6:19  SCV  
  90  6:20  Marine x2, Barracks  
  90  6:23  Barracks  
  93  6:25  SCV  
  93  6:26  Marine  
  93  6:32  Terran Infantry Armor Level 2, Terran Infantry Weapons Level 2  
  93  6:39  Marine x3  
  93  6:45  Supply Depot, Thor  
  93  6:46  SCV x3  
  102  6:47  Supply Depot  
  102  6:51  Supply Depot  
  100  6:55  Marauder  
  100  6:56  Medivac  
  100  6:58  Medivac  
  100  6:59  Marine  
  107  7:04  Marauder  
  107  7:05  Concussive Shells  
  109  7:09  Marine  
  109  7:11  Supply Depot  
  111  7:16  Supply Depot x2, Barracks Reactor  
  111  7:17  Barracks Reactor, Marauder  
  111  7:19  Marine  
  113  7:25  Marauder  
  113  7:27  Marine  
  116  7:38  Marauder  
  116  7:39  Refinery  
  116  7:40  Refinery, Marine  
  118  7:45  Marine  
  118  7:47  Marauder  
  118  7:49  Supply Depot, Barracks  
  118  7:50  Barracks  
  121  7:51  Supply Depot  
  121  7:52  Supply Depot, Marine  
  121  7:53  Marine x2, Barracks  
  121  7:57  Thor  
  121  7:58  Marine  
  130  7:59  Marauder  
  133  8:08  Marauder  
  133  8:12  Marine  
  135  8:13  Supply Depot  
  135  8:14  Supply Depot  
  135  8:15  Supply Depot  
  135  8:19  Missile Turret  
  136  8:20  Missile Turret  
  136  8:21  Marauder, Missile Turret  
  136  8:24  Medivac  
  136  8:25  Medivac  
  142  8:30  Marauder  
  142  8:31  SCV x3  
  147  8:39  Supply Depot  
  147  8:42  Marauder  
  147  8:43  SCV  
  147  8:47  Marine x3  
  154  8:48  Missile Turret  
  154  8:50  Missile Turret  
  154  8:51  Marauder, Missile Turret  
  154  8:55  Barracks Reactor, Barracks Tech Lab x2  
  156  9:00  Marine  
  156  9:01  Marine  
  157  9:04  Marauder  
  157  9:06  Marine  
  157  9:07  Marine  
  157  9:08  Marine  
  162  9:12  Marauder, Thor  
  170  9:27  Marine, Marauder  
  142  9:40  Marine x2, Marauder  
  142  9:41  Marine x6  
  142  9:44  Marine  
Tags
 
Add a new tag
Caveats
  • Supply blocks, unpowered buildings, or Contaminate may cause inaccurate times.
  • Supply counts are checked every 10 seconds.